[ AOE2 MATCH · #477807494 ]
UnrankedHindustanis vs Persians
[ REPLAY ANALYSIS · EXTRACTED FROM THE RECORDED GAME ]
Feudal
9:44
Castle
16:47
Imperial
29:57
| APM avg | 20.5 |
| APM peak | 48 |
| eAPM avg | 14.6 |
| Villagers / military | 123 / 270 |
Focus
⚔️ 26.1% · 🌾 73.9%
Scout Cavalry ×153 · Hand Cannoneer ×83 · Trade Cart ×34 · Camel Scout ×25 · Bombard Cannon ×5 · Trebuchet (Packed) ×4
Feudal
11:40
Castle
18:14
Imperial
34:47
| APM avg | 29.8 |
| APM peak | 75 |
| eAPM avg | 24.6 |
| Villagers / military | 121 / 314 |
Focus
⚔️ 33.6% · 🌾 66.4%
Spearman ×286 · War Elephant ×28 · Trade Cart ×2
Feudal
12:35
Castle
18:45
Imperial
32:14
| APM avg | 15.0 |
| APM peak | 28 |
| eAPM avg | 11.8 |
| Villagers / military | 112 / 230 |
Focus
⚔️ 30.3% · 🌾 69.7%
Shotel Warrior ×161 · Scorpion ×49 · Trade Cart ×18 · Bombard Cannon ×15 · Battering Ram ×5
Feudal
11:00
Castle
15:20
Imperial
41:02
| APM avg | 18.7 |
| APM peak | 49 |
| eAPM avg | 12.5 |
| Villagers / military | 70 / 222 |
Focus
⚔️ 27.4% · 🌾 72.6%
Huskarl ×191 · Spearman ×27 · Trade Cart ×18 · Trebuchet (Packed) ×4
Feudal
16:32
Castle
20:52
Imperial
41:39
| APM avg | 17.5 |
| APM peak | 69 |
| eAPM avg | 11.2 |
| Villagers / military | 143 / 31 |
Focus
⚔️ 14.9% · 🌾 85.1%
Conquistador ×21 · Trade Cart ×11 · Monk ×10
Feudal
11:33
Castle
15:33
Imperial
38:07
| APM avg | 30.0 |
| APM peak | 63 |
| eAPM avg | 14.3 |
| Villagers / military | 109 / 77 |
Focus
⚔️ 27.5% · 🌾 72.5%
Conquistador ×31 · Knight ×28 · Missionary ×14 · Trebuchet (Packed) ×3 · Spearman ×1
Feudal
12:47
Castle
18:26
Imperial
34:04
| APM avg | 14.9 |
| APM peak | 37 |
| eAPM avg | 12.4 |
| Villagers / military | 101 / 147 |
Focus
⚔️ 18.7% · 🌾 81.3%
Scorpion ×112 · Mangonel ×22 · Battering Ram ×11 · Trade Cart ×10 · Spearman ×2
Feudal
12:15
Castle
19:43
Imperial
38:23
| APM avg | 23.4 |
| APM peak | 63 |
| eAPM avg | 12.3 |
| Villagers / military | 104 / 53 |
Focus
⚔️ 20.9% · 🌾 79.1%
Armored Elephant ×23 · Shrivamsha Rider ×19 · Trade Cart ×12 · Chakram Thrower ×7 · Scorpion ×2 · Trebuchet (Packed) ×2
Match map
Initial resources + every placement click. Lines = walls · curves = elevation contours. ◆ gold · ⬟ stone · ● berries · ✦ relic · ◌ wall gap
Your base· Open — opponent sealed themselves in
Lupone81's base· ✓ Closed at 18:14 · 26t walls · 1 gate(s)
Alkuja's base· Open — opponent sealed themselves in
Platypus's base· ✓ Closed at 15:20 · 0t walls · no gate
Pal_Dom's base· ✓ Closed at 20:52 · 0t walls · no gate
l'entourloupe's base· Open — opponent sealed themselves in
Eljardinero's base· ✓ Closed at 18:26 · 0t walls · no gate
frederic11's base· Open — opponent sealed themselves in
Smoothed initial terrain · ◌ = detected wall gap · hover for details
Inputs per minute
— haki - - Lupone81
Build order — haki
First 150 of 390 actions detected
| 0:02 | Create | Villager (Male) ×4 |
| 0:02 | Create | Villager (Male) ×4 |
| 0:05 | Build | House |
| 0:08 | Build | House |
| 1:16 | Create | Villager (Male) |
| 1:41 | Create | Villager (Male) |
| 1:41 | Create | Villager (Male) |
| 1:52 | Build | Lumber Camp |
| 2:20 | Create | Villager (Male) |
| 2:21 | Create | Villager (Male) |
| 3:21 | Create | Villager (Male) |
| 3:22 | Create | Villager (Male) |
| 3:22 | Create | Villager (Male) |
| 3:34 | Build | House |
| 3:35 | Build | House |
| 4:10 | Create | Villager (Male) |
| 4:34 | Create | Villager (Male) |
| 4:34 | Create | Villager (Male) |
| 4:35 | Create | Villager (Male) |
| 5:13 | Build | Mill |
| 5:27 | Create | Villager (Male) |
| 5:51 | Create | Villager (Male) |
| 5:52 | Create | Villager (Male) |
| 6:33 | Create | Villager (Male) |
| 7:16 | Create | Villager (Male) |
| 7:33 | Research | Feudal Age |
| 7:40 | Build | Mining Camp |
| 8:55 | Create | Villager (Male) ×5 |
| 9:01 | Build | House |
| 9:04 | Build | House |
| 9:44 | Age | Feudal Age |
| 9:49 | Research | Horse Collar |
| 9:51 | Research | Double-Bit Axe |
| 10:04 | Build | Blacksmith |
| 10:46 | Create | Villager (Male) ×5 |
| 10:59 | Build | Farm |
| 11:00 | Build | Farm |
| 11:01 | Build | Farm |
| 11:15 | Build | Market |
| 11:31 | Build | Market |
| 11:41 | Build | Farm |
| 11:43 | Build | Farm |
| 11:45 | Build | Farm |
| 11:45 | Build | Farm |
| 11:45 | Build | Farm |
| 11:53 | Build | Farm |
| 12:05 | Create | Villager (Male) |
| 12:10 | Build | Farm |
| 12:23 | Build | Farm |
| 12:43 | Build | Farm |
| 13:04 | Build | Farm |
| 13:05 | Build | Farm |
| 13:13 | Create | Villager (Male) |
| 13:18 | Build | Farm |
| 13:20 | Research | Loom |
| 13:48 | Build | Farm |
| 14:05 | Research | Castle Age |
| 15:18 | Create | Villager (Male) ×5 |
| 16:18 | Research | Gold Mining |
| 16:19 | Research | Stone Mining |
| 16:47 | Age | Castle Age |
| 16:50 | Build | Town Center |
| 17:01 | Build | Town Center |
| 17:06 | Research | Bow Saw |
| 17:10 | Research | Heavy Plow |
| 17:25 | Build | Farm |
| 17:26 | Build | Farm |
| 17:28 | Build | Farm |
| 17:36 | Build | Farm |
| 17:50 | Build | Farm |
| 17:52 | Create | Villager (Male) |
| 17:52 | Create | Villager (Male) |
| 17:53 | Create | Villager (Male) |
| 18:20 | Create | Villager (Male) |
| 18:21 | Create | Villager (Male) |
| 18:21 | Create | Villager (Male) |
| 18:29 | Build | Farm |
| 18:30 | Build | Farm |
| 18:31 | Build | Farm |
| 18:42 | Build | Farm |
| 18:44 | Create | Villager (Male) ×5 |
| 19:14 | Build | Lumber Camp |
| 19:18 | Research | Wheelbarrow |
| 19:29 | Build | House |
| 19:31 | Build | House |
| 19:34 | Build | House |
| 19:44 | Create | Villager (Male) |
| 19:45 | Create | Villager (Male) |
| 19:45 | Create | Villager (Male) |
| 20:00 | Build | Farm |
| 20:05 | Build | Farm |
| 20:07 | Build | Farm |
| 20:21 | Create | Villager (Male) |
| 20:26 | Research | Caravan |
| 20:33 | Build | House |
| 20:34 | Build | House |
| 20:35 | Build | House |
| 20:36 | Build | House |
| 20:37 | Build | House |
| 20:38 | Build | House |
| 20:50 | Create | Villager (Male) ×4 |
| 20:56 | Build | Farm |
| 20:59 | Build | Mill |
| 21:04 | Create | Villager (Male) |
| 21:04 | Create | Villager (Male) |
| 21:12 | Build | Farm |
| 21:15 | Build | Farm |
| 21:16 | Build | Farm |
| 21:19 | Create | Villager (Male) |
| 21:19 | Create | Villager (Male) |
| 21:20 | Create | Villager (Male) |
| 21:38 | Create | Villager (Male) |
| 21:39 | Create | Villager (Male) |
| 21:39 | Create | Villager (Male) |
| 21:54 | Build | Barracks |
| 22:00 | Create | Trade Cart |
| 22:04 | Create | Villager (Male) |
| 22:04 | Create | Villager (Male) |
| 22:05 | Create | Villager (Male) |
| 22:05 | Create | Villager (Male) |
| 22:23 | Build | Lumber Camp |
| 22:30 | Build | Farm |
| 22:32 | Build | Farm |
| 22:35 | Build | Farm |
| 22:39 | Create | Villager (Male) |
| 22:39 | Create | Villager (Male) |
| 22:40 | Create | Villager (Male) |
| 22:40 | Create | Villager (Male) |
| 22:44 | Create | Trade Cart |
| 23:17 | Research | Hand Cart |
| 23:18 | Create | Villager (Male) |
| 23:18 | Create | Villager (Male) |
| 23:19 | Create | Villager (Male) |
| 23:19 | Create | Villager (Male) |
| 23:24 | Build | Farm |
| 23:25 | Build | Farm |
| 23:26 | Build | Farm |
| 23:32 | Create | Villager (Male) |
| 23:32 | Create | Villager (Male) |
| 23:32 | Create | Villager (Male) |
| 23:47 | Build | House |
| 23:48 | Build | House |
| 23:49 | Build | House |
| 23:50 | Build | House |
| 23:51 | Build | House |
| 23:52 | Build | House |
| 23:54 | Build | House |
| 23:55 | Build | House |
| 24:04 | Create | Trade Cart |
| 24:04 | Create | Trade Cart |
Build order — Lupone81
First 150 of 517 actions detected
| 0:04 | Build | House |
| 0:06 | Build | House |
| 0:07 | Create | Villager (Male) |
| 0:07 | Create | Villager (Male) |
| 0:08 | Create | Villager (Male) |
| 0:08 | Create | Villager (Male) |
| 0:08 | Create | Villager (Male) |
| 1:35 | Create | Villager (Male) |
| 2:09 | Create | Villager (Male) |
| 2:34 | Create | Villager (Male) |
| 3:02 | Build | Mill |
| 3:09 | Create | Villager (Male) |
| 3:22 | Create | Villager (Male) |
| 3:45 | Build | House |
| 3:53 | Create | Villager (Male) |
| 4:07 | Build | Lumber Camp |
| 4:34 | Build | House |
| 4:38 | Create | Villager (Male) |
| 5:02 | Create | Villager (Male) |
| 5:31 | Create | Villager (Male) |
| 5:31 | Create | Villager (Male) |
| 6:08 | Create | Villager (Male) |
| 6:21 | Build | Mining Camp |
| 6:27 | Create | Villager (Male) |
| 6:56 | Create | Villager (Male) |
| 7:20 | Create | Villager (Male) |
| 7:26 | Build | House |
| 7:41 | Create | Villager (Male) |
| 8:09 | Create | Villager (Male) |
| 8:46 | Build | Farm |
| 8:49 | Create | Villager (Male) |
| 9:10 | Create | Villager (Male) |
| 9:26 | Build | Farm |
| 9:30 | Research | Feudal Age |
| 10:35 | Build | Farm |
| 10:42 | Create | Villager (Male) |
| 10:43 | Create | Villager (Male) |
| 10:44 | Create | Villager (Male) |
| 11:40 | Age | Feudal Age |
| 11:45 | Research | Horse Collar |
| 11:48 | Create | Villager (Male) |
| 11:53 | Build | Farm |
| 11:54 | Build | Farm |
| 11:55 | Build | Farm |
| 12:07 | Build | Stone Wall |
| 12:14 | Build | Gate |
| 12:34 | Build | Market |
| 12:42 | Research | Wheelbarrow |
| 13:00 | Build | Farm |
| 13:06 | Build | Farm |
| 13:13 | Build | Farm |
| 13:14 | Build | Farm |
| 13:18 | Build | Farm |
| 13:39 | Build | Blacksmith |
| 13:53 | Create | Villager (Male) |
| 14:20 | Build | Mining Camp |
| 14:28 | Build | House |
| 15:00 | Create | Villager (Male) |
| 15:11 | Build | Farm |
| 15:30 | Build | Mining Camp |
| 15:42 | Build | Farm |
| 15:48 | Research | Castle Age |
| 16:19 | Research | Stone Mining |
| 17:07 | Research | Double-Bit Axe |
| 17:27 | Build | House |
| 18:12 | Create | Trade Cart |
| 18:14 | Age | Castle Age |
| 18:23 | Research | Hand Cart |
| 18:27 | Research | Heavy Plow |
| 18:43 | Build | Town Center |
| 19:09 | Research | Bow Saw |
| 19:13 | Create | Villager (Male) |
| 19:36 | Create | Villager (Male) |
| 19:54 | Create | Villager (Male) |
| 20:02 | Create | Villager (Male) |
| 20:08 | Create | Villager (Male) |
| 20:17 | Create | Villager (Male) |
| 20:28 | Build | Farm |
| 20:31 | Create | Villager (Male) |
| 20:44 | Build | Town Center |
| 20:49 | Create | Villager (Male) |
| 20:52 | Create | Villager (Male) |
| 20:55 | Build | Farm |
| 21:10 | Build | Farm |
| 21:12 | Create | Villager (Male) |
| 21:16 | Create | Villager (Male) |
| 21:28 | Research | Gold Mining |
| 21:33 | Research | Stone Shaft Mining |
| 21:36 | Build | Farm |
| 21:38 | Create | Villager (Male) |
| 22:01 | Create | Villager (Male) |
| 22:02 | Create | Villager (Male) |
| 22:04 | Build | Farm |
| 22:10 | Create | Villager (Male) |
| 22:14 | Create | Villager (Male) |
| 22:18 | Build | Farm |
| 22:20 | Create | Villager (Male) |
| 22:25 | Create | Villager (Male) |
| 22:34 | Build | House |
| 22:35 | Build | House |
| 22:39 | Create | Villager (Male) |
| 22:43 | Create | Villager (Male) |
| 22:51 | Create | Villager (Male) |
| 22:55 | Build | Farm |
| 22:57 | Create | Villager (Male) |
| 23:01 | Create | Villager (Male) |
| 23:10 | Build | Farm |
| 23:14 | Create | Villager (Male) |
| 23:17 | Create | Villager (Male) |
| 23:26 | Create | Villager (Male) |
| 23:36 | Build | House |
| 23:37 | Build | House |
| 23:43 | Build | Mill |
| 23:47 | Create | Villager (Male) |
| 23:56 | Build | Town Center |
| 24:01 | Create | Villager (Male) |
| 24:04 | Create | Villager (Male) |
| 24:07 | Research | Gold Shaft Mining |
| 24:12 | Create | Villager (Male) |
| 24:13 | Create | Villager (Male) |
| 24:19 | Build | Farm |
| 24:22 | Build | Farm |
| 24:25 | Create | Villager (Male) |
| 24:31 | Build | House |
| 24:32 | Build | House |
| 24:33 | Build | House |
| 24:37 | Create | Trade Cart |
| 24:41 | Build | Farm |
| 24:46 | Create | Villager (Male) |
| 24:50 | Create | Villager (Male) |
| 24:50 | Create | Villager (Male) |
| 24:55 | Create | Villager (Male) |
| 25:10 | Build | Lumber Camp |
| 25:14 | Create | Villager (Male) |
| 25:15 | Create | Villager (Male) |
| 25:24 | Create | Villager (Male) |
| 25:44 | Build | Castle |
| 25:47 | Create | Villager (Male) |
| 25:47 | Create | Villager (Male) |
| 25:47 | Create | Villager (Male) |
| 25:48 | Create | Villager (Male) |
| 25:48 | Create | Villager (Male) |
| 25:48 | Create | Villager (Male) |
| 25:51 | Create | Villager (Male) |
| 25:51 | Create | Villager (Male) |
| 25:52 | Create | Villager (Male) |
| 25:55 | Build | Farm |
| 25:57 | Create | Villager (Male) |
| 26:11 | Create | Villager (Male) |
| 26:12 | Create | Villager (Male) |
Build order — Alkuja
First 150 of 399 actions detected
| 0:02 | Create | Villager (Male) |
| 0:03 | Create | Villager (Male) |
| 0:03 | Create | Villager (Male) |
| 0:03 | Create | Villager (Male) |
| 0:07 | Build | House |
| 0:23 | Build | House |
| 0:25 | Build | House |
| 0:28 | Build | House |
| 0:51 | Research | Loom |
| 1:37 | Create | Villager (Male) |
| 2:16 | Create | Villager (Male) |
| 2:37 | Build | Lumber Camp |
| 2:39 | Create | Villager (Male) |
| 2:39 | Create | Villager (Male) |
| 3:08 | Create | Villager (Male) |
| 3:08 | Create | Villager (Male) |
| 3:35 | Create | Villager (Male) |
| 4:20 | Create | Villager (Male) |
| 4:21 | Create | Villager (Male) |
| 4:32 | Build | Mill |
| 5:10 | Create | Villager (Male) |
| 5:10 | Create | Villager (Male) |
| 5:36 | Create | Villager (Male) |
| 6:01 | Create | Villager (Male) |
| 6:45 | Create | Villager (Male) |
| 6:45 | Create | Villager (Male) |
| 6:46 | Create | Villager (Male) |
| 6:46 | Create | Villager (Male) |
| 7:23 | Create | Villager (Male) |
| 8:04 | Create | Villager (Male) |
| 8:04 | Create | Villager (Male) |
| 8:05 | Create | Villager (Male) |
| 8:35 | Build | Mill |
| 9:24 | Create | Villager (Male) |
| 10:11 | Build | House |
| 10:14 | Build | House |
| 10:25 | Research | Feudal Age |
| 10:25 | Research | Feudal Age |
| 10:33 | Build | House |
| 12:23 | Build | Mining Camp |
| 12:35 | Age | Feudal Age |
| 12:39 | Research | Wheelbarrow |
| 12:39 | Research | Wheelbarrow |
| 13:12 | Build | Market |
| 13:57 | Build | Mining Camp |
| 14:16 | Create | Villager (Male) |
| 14:17 | Create | Villager (Male) |
| 14:17 | Create | Villager (Male) |
| 14:17 | Create | Villager (Male) |
| 15:08 | Build | Blacksmith |
| 15:42 | Build | Market |
| 15:44 | Create | Trade Cart |
| 15:44 | Create | Trade Cart |
| 15:44 | Create | Trade Cart |
| 16:05 | Research | Castle Age |
| 16:05 | Research | Castle Age |
| 16:15 | Build | House |
| 16:16 | Build | House |
| 16:16 | Build | House |
| 16:16 | Build | House |
| 16:17 | Build | House |
| 16:17 | Build | House |
| 16:18 | Build | House |
| 16:18 | Build | House |
| 16:18 | Build | House |
| 16:19 | Build | House |
| 16:19 | Build | House |
| 16:19 | Build | House |
| 16:20 | Build | House |
| 16:20 | Build | House |
| 16:30 | Research | Stone Mining |
| 17:08 | Research | Gold Mining |
| 17:08 | Research | Gold Mining |
| 17:12 | Research | Double-Bit Axe |
| 17:12 | Research | Double-Bit Axe |
| 17:37 | Build | Farm |
| 17:47 | Build | Farm |
| 17:58 | Build | Farm |
| 18:45 | Age | Castle Age |
| 18:46 | Create | Villager (Male) |
| 18:47 | Create | Villager (Male) |
| 18:48 | Create | Villager (Male) |
| 18:54 | Build | Farm |
| 19:20 | Build | Farm |
| 19:38 | Build | Town Center |
| 19:44 | Create | Villager (Male) |
| 19:44 | Create | Villager (Male) |
| 20:16 | Build | Farm |
| 20:32 | Build | Castle |
| 20:45 | Create | Villager (Male) |
| 20:45 | Create | Villager (Male) |
| 20:45 | Create | Villager (Male) |
| 20:46 | Create | Villager (Male) |
| 20:47 | Create | Villager (Male) |
| 20:48 | Create | Villager (Male) |
| 20:51 | Build | Farm |
| 20:55 | Build | Farm |
| 21:08 | Create | Villager (Male) |
| 21:41 | Build | Farm |
| 21:46 | Build | Farm |
| 21:50 | Create | Villager (Male) |
| 21:50 | Create | Villager (Male) |
| 21:51 | Create | Villager (Male) |
| 22:17 | Build | Town Center |
| 22:26 | Create | Villager (Male) |
| 22:32 | Build | Farm |
| 22:36 | Research | Horse Collar |
| 22:36 | Research | Horse Collar |
| 22:49 | Build | Farm |
| 22:59 | Create | Villager (Male) |
| 23:03 | Create | Villager (Male) |
| 23:30 | Build | Farm |
| 23:42 | Research | Heavy Plow |
| 23:42 | Research | Heavy Plow |
| 23:44 | Create | Villager (Male) |
| 23:52 | Create | Villager (Male) |
| 23:53 | Create | Villager (Male) |
| 24:07 | Create | Villager (Male) |
| 24:14 | Build | Farm |
| 24:18 | Build | Farm |
| 24:23 | Build | Farm |
| 24:27 | Build | Lumber Camp |
| 24:31 | Create | Villager (Male) |
| 24:31 | Create | Villager (Male) |
| 24:37 | Create | Villager (Male) |
| 24:49 | Create | Villager (Male) |
| 24:59 | Build | Farm |
| 25:08 | Build | Farm |
| 25:10 | Build | Farm |
| 25:22 | Create | Villager (Male) |
| 25:28 | Build | Farm |
| 25:31 | Create | Villager (Male) |
| 25:32 | Create | Villager (Male) |
| 25:35 | Create | Villager (Male) |
| 25:38 | Create | Villager (Male) |
| 25:47 | Build | Farm |
| 25:55 | Create | Shotel Warrior |
| 25:56 | Create | Shotel Warrior |
| 25:56 | Create | Shotel Warrior |
| 26:08 | Build | Farm |
| 26:12 | Build | Farm |
| 26:15 | Build | Farm |
| 26:19 | Create | Villager (Male) |
| 26:21 | Create | Villager (Male) |
| 26:22 | Create | Villager (Male) |
| 26:22 | Create | Villager (Male) |
| 26:26 | Create | Villager (Male) |
| 26:30 | Build | Farm |
| 26:34 | Build | Farm |
| 27:01 | Build | Farm |
Build order — Platypus
First 150 of 269 actions detected
| 0:01 | Create | Villager (Male) |
| 0:01 | Create | Villager (Male) |
| 0:03 | Build | House |
| 0:06 | Build | House |
| 0:11 | Create | Villager (Male) |
| 0:12 | Create | Villager (Male) |
| 1:24 | Create | Villager (Male) |
| 1:48 | Build | Lumber Camp |
| 2:03 | Create | Villager (Male) |
| 2:23 | Create | Villager (Male) |
| 2:23 | Create | Villager (Male) |
| 2:53 | Create | Villager (Male) |
| 2:54 | Create | Villager (Male) |
| 3:07 | Create | Villager (Male) |
| 3:28 | Build | House |
| 3:35 | Create | Villager (Male) |
| 3:54 | Create | Villager (Male) |
| 3:54 | Create | Villager (Male) |
| 4:25 | Create | Villager (Male) |
| 4:25 | Create | Villager (Male) |
| 4:57 | Create | Villager (Male) |
| 4:59 | Create | Villager (Male) |
| 5:08 | Build | House |
| 5:31 | Build | Mill |
| 5:40 | Create | Villager (Male) |
| 5:40 | Create | Villager (Male) |
| 5:40 | Create | Villager (Male) |
| 6:49 | Create | Villager (Male) |
| 7:12 | Build | House |
| 7:30 | Create | Villager (Male) |
| 7:38 | Create | Villager (Male) |
| 8:01 | Build | Mining Camp |
| 8:17 | Create | Villager (Male) |
| 8:50 | Research | Feudal Age |
| 10:39 | Create | Villager (Male) |
| 10:39 | Create | Villager (Male) |
| 10:48 | Build | Farm |
| 10:49 | Build | Farm |
| 10:50 | Build | Farm |
| 11:00 | Build | Farm |
| 11:00 | Age | Feudal Age |
| 11:01 | Build | Farm |
| 11:21 | Build | Market |
| 11:23 | Build | Market |
| 11:43 | Build | Blacksmith |
| 12:07 | Research | Loom |
| 12:14 | Build | Farm |
| 12:40 | Research | Castle Age |
| 12:56 | Build | Barracks |
| 12:59 | Build | House |
| 13:01 | Build | House |
| 13:12 | Create | Trade Cart |
| 13:30 | Build | House |
| 13:31 | Build | House |
| 13:37 | Build | House |
| 13:43 | Build | House |
| 13:47 | Build | House |
| 13:49 | Build | House |
| 13:50 | Build | House |
| 14:09 | Build | House |
| 14:13 | Create | Villager (Male) |
| 14:15 | Research | Double-Bit Axe |
| 14:45 | Research | Horse Collar |
| 15:01 | Research | Gold Mining |
| 15:20 | Age | Castle Age |
| 15:37 | Create | Villager (Male) |
| 15:37 | Create | Villager (Male) |
| 15:43 | Create | Trade Cart |
| 15:43 | Create | Trade Cart |
| 16:23 | Create | Villager (Male) |
| 16:24 | Create | Villager (Male) |
| 16:44 | Build | Mining Camp |
| 16:55 | Build | House |
| 17:05 | Create | Villager (Male) |
| 17:23 | Create | Trade Cart |
| 17:30 | Research | Bow Saw |
| 17:32 | Research | Wheelbarrow |
| 17:48 | Build | House |
| 17:56 | Create | Villager (Male) |
| 18:05 | Research | Stone Mining |
| 18:10 | Research | Heavy Plow |
| 18:21 | Create | Villager (Male) |
| 18:24 | Create | Trade Cart |
| 18:37 | Build | House |
| 18:40 | Build | House |
| 18:42 | Build | House |
| 18:44 | Build | House |
| 18:49 | Create | Villager (Male) |
| 19:33 | Build | Lumber Camp |
| 19:49 | Create | Villager (Male) |
| 20:28 | Create | Villager (Male) |
| 20:42 | Build | House |
| 20:45 | Build | House |
| 20:56 | Create | Villager (Male) |
| 21:28 | Create | Villager (Male) |
| 21:42 | Build | House |
| 21:44 | Build | House |
| 21:47 | Build | House |
| 21:49 | Build | House |
| 21:53 | Build | House |
| 21:58 | Build | House |
| 22:02 | Create | Villager (Male) |
| 22:02 | Create | Villager (Male) |
| 22:02 | Create | Villager (Male) |
| 22:23 | Build | Palisade Wall |
| 22:26 | Build | Palisade Wall |
| 22:32 | Build | Palisade Wall |
| 22:55 | Build | Farm |
| 23:03 | Build | Farm |
| 23:04 | Create | Villager (Male) |
| 23:05 | Create | Villager (Male) |
| 23:09 | Build | Farm |
| 23:12 | Build | Farm |
| 23:20 | Build | Farm |
| 23:32 | Build | Castle |
| 23:38 | Create | Villager (Male) |
| 23:50 | Create | Trade Cart |
| 23:51 | Research | Caravan |
| 23:54 | Create | Trade Cart |
| 23:54 | Create | Trade Cart |
| 24:00 | Research | Town Watch |
| 24:16 | Research | Scale Mail Armor |
| 24:16 | Research | Forging |
| 24:21 | Create | Villager (Male) |
| 24:34 | Build | Farm |
| 24:46 | Build | Farm |
| 24:47 | Build | Farm |
| 24:58 | Build | Lumber Camp |
| 25:54 | Build | Barracks |
| 25:57 | Build | Barracks |
| 26:00 | Build | Barracks |
| 26:03 | Build | Barracks |
| 26:05 | Build | Barracks |
| 26:08 | Build | Barracks |
| 26:18 | Create | Villager (Male) ×5 |
| 26:29 | Build | Lumber Camp |
| 26:40 | Build | Lumber Camp |
| 26:43 | Build | Lumber Camp |
| 27:15 | Research | Anarchy |
| 27:28 | Research | Fletching |
| 27:50 | Build | Barracks |
| 28:01 | Build | Barracks |
| 28:35 | Research | Squires |
| 28:38 | Research | Chain Mail Armor |
| 28:41 | Create | Huskarl |
| 28:53 | Build | Barracks |
| 28:54 | Build | Barracks |
| 28:55 | Build | Barracks |
| 29:14 | Create | Villager (Male) ×3 |
| 29:31 | Build | Farm |
Build order — Pal_Dom
First 150 of 277 actions detected
| 0:03 | Build | House |
| 0:04 | Build | House |
| 0:06 | Create | Villager (Male) |
| 0:06 | Create | Villager (Male) |
| 0:06 | Create | Villager (Male) |
| 0:06 | Create | Villager (Male) |
| 0:07 | Create | Villager (Male) |
| 1:34 | Create | Villager (Male) |
| 1:34 | Create | Villager (Male) |
| 2:22 | Create | Villager (Male) |
| 2:23 | Create | Villager (Male) |
| 2:39 | Build | Lumber Camp |
| 2:55 | Create | Villager (Male) |
| 2:55 | Create | Villager (Male) |
| 3:10 | Create | Villager (Male) |
| 3:11 | Create | Villager (Male) |
| 3:54 | Build | House |
| 4:20 | Build | House |
| 4:29 | Create | Villager (Male) |
| 4:30 | Create | Villager (Male) |
| 4:30 | Create | Villager (Male) |
| 4:31 | Create | Villager (Male) |
| 4:31 | Create | Villager (Male) |
| 4:32 | Create | Villager (Male) |
| 4:32 | Create | Villager (Male) |
| 5:50 | Create | Villager (Male) |
| 5:50 | Create | Villager (Male) |
| 5:51 | Create | Villager (Male) |
| 6:29 | Create | Villager (Male) |
| 7:09 | Build | House |
| 7:10 | Build | House |
| 7:14 | Create | Villager (Male) |
| 7:14 | Create | Villager (Male) |
| 7:40 | Create | Villager (Male) |
| 7:40 | Create | Villager (Male) |
| 7:41 | Create | Villager (Male) |
| 8:00 | Build | Mill |
| 8:47 | Create | Villager (Male) |
| 8:59 | Build | Farm |
| 9:00 | Build | Farm |
| 9:00 | Build | Farm |
| 9:01 | Build | Farm |
| 9:02 | Build | Farm |
| 9:02 | Build | Farm |
| 9:03 | Build | Farm |
| 9:04 | Build | Farm |
| 9:22 | Create | Villager (Male) |
| 9:22 | Create | Villager (Male) |
| 9:23 | Create | Villager (Male) |
| 9:43 | Create | Villager (Male) |
| 9:43 | Create | Villager (Male) |
| 10:17 | Create | Villager (Male) |
| 10:18 | Create | Villager (Male) |
| 10:54 | Create | Villager (Male) |
| 10:54 | Create | Villager (Male) |
| 10:55 | Create | Villager (Male) |
| 10:55 | Create | Villager (Male) |
| 12:51 | Create | Villager (Male) |
| 13:30 | Build | Mining Camp |
| 13:32 | Create | Villager (Male) |
| 13:33 | Create | Villager (Male) |
| 13:36 | Research | Feudal Age |
| 15:01 | Create | Villager (Male) |
| 15:01 | Create | Villager (Male) |
| 16:18 | Create | Villager (Male) |
| 16:32 | Build | House |
| 16:32 | Age | Feudal Age |
| 16:34 | Build | House |
| 16:35 | Build | House |
| 16:36 | Build | House |
| 16:37 | Build | House |
| 16:52 | Build | Market |
| 17:01 | Build | Blacksmith |
| 17:12 | Research | Double-Bit Axe |
| 17:19 | Research | Gold Mining |
| 17:24 | Research | Horse Collar |
| 17:28 | Create | Villager (Male) |
| 17:56 | Research | Castle Age |
| 17:59 | Research | Stone Mining |
| 18:08 | Build | Mining Camp |
| 18:26 | Build | Market |
| 18:31 | Build | House |
| 18:32 | Build | House |
| 18:33 | Build | House |
| 18:34 | Build | House |
| 18:37 | Build | House |
| 18:38 | Build | House |
| 18:46 | Create | Trade Cart |
| 18:54 | Create | Villager (Male) |
| 18:54 | Create | Villager (Male) |
| 19:22 | Create | Villager (Male) |
| 20:26 | Create | Trade Cart |
| 20:41 | Build | Farm |
| 20:42 | Build | Farm |
| 20:43 | Build | Farm |
| 20:44 | Build | Farm |
| 20:44 | Build | Farm |
| 20:45 | Build | Farm |
| 20:52 | Age | Castle Age |
| 21:04 | Build | Town Center |
| 21:20 | Build | Town Center |
| 21:34 | Create | Villager (Male) |
| 21:34 | Create | Villager (Male) |
| 21:37 | Research | Bow Saw |
| 21:45 | Research | Wheelbarrow |
| 21:48 | Research | Stone Shaft Mining |
| 22:09 | Create | Villager (Male) |
| 22:09 | Create | Villager (Male) |
| 22:09 | Create | Villager (Male) |
| 22:16 | Research | Loom |
| 22:21 | Create | Villager (Male) |
| 22:21 | Create | Villager (Male) |
| 22:21 | Create | Villager (Male) |
| 22:23 | Create | Villager (Male) |
| 22:24 | Create | Villager (Male) |
| 22:38 | Create | Villager (Male) |
| 22:38 | Create | Villager (Male) |
| 22:38 | Create | Villager (Male) |
| 22:39 | Create | Villager (Male) |
| 22:58 | Build | Town Center |
| 23:09 | Create | Villager (Male) |
| 23:09 | Create | Villager (Male) |
| 23:10 | Create | Villager (Male) |
| 23:20 | Research | Heavy Plow |
| 23:28 | Research | Caravan |
| 23:29 | Create | Villager (Male) |
| 23:29 | Create | Villager (Male) |
| 23:39 | Build | House |
| 23:40 | Build | House |
| 23:43 | Build | House |
| 23:44 | Build | House |
| 23:47 | Create | Villager (Male) |
| 23:47 | Create | Villager (Male) |
| 23:47 | Create | Villager (Male) |
| 23:52 | Build | Farm |
| 24:30 | Build | Farm |
| 24:31 | Build | Farm |
| 24:32 | Build | Farm |
| 24:39 | Create | Villager (Male) |
| 24:40 | Create | Villager (Male) |
| 24:40 | Create | Villager (Male) |
| 24:40 | Create | Villager (Male) |
| 24:51 | Create | Villager (Male) |
| 24:51 | Create | Villager (Male) |
| 24:59 | Create | Villager (Male) |
| 25:17 | Create | Villager (Male) |
| 25:17 | Create | Villager (Male) |
| 25:26 | Build | Farm |
| 25:27 | Build | Farm |
| 25:28 | Build | Farm |
Build order — l'entourloupe
First 150 of 332 actions detected
| 0:02 | Create | Villager (Male) |
| 0:02 | Create | Villager (Male) |
| 0:04 | Build | House |
| 0:06 | Build | House |
| 0:09 | Create | Villager (Male) |
| 0:27 | Create | Villager (Male) |
| 1:38 | Create | Villager (Male) |
| 1:59 | Build | Lumber Camp |
| 2:08 | Create | Villager (Male) |
| 2:45 | Create | Villager (Male) |
| 2:57 | Create | Villager (Male) |
| 3:19 | Create | Villager (Male) |
| 3:45 | Create | Villager (Male) |
| 3:52 | Build | House |
| 4:28 | Create | Villager (Male) |
| 5:17 | Create | Villager (Male) |
| 5:33 | Create | Villager (Male) |
| 5:43 | Create | Villager (Male) |
| 5:50 | Build | House |
| 5:52 | Build | House |
| 5:54 | Build | House |
| 5:55 | Build | House |
| 5:59 | Create | Villager (Male) |
| 6:07 | Build | Mill |
| 6:38 | Create | Villager (Male) |
| 6:53 | Create | Villager (Male) |
| 7:17 | Create | Villager (Male) |
| 7:37 | Build | House |
| 7:39 | Build | House |
| 7:44 | Create | Villager (Male) |
| 7:55 | Create | Villager (Male) |
| 9:12 | Build | Mining Camp |
| 9:23 | Research | Feudal Age |
| 9:26 | Create | Villager (Male) |
| 10:13 | Create | Villager (Male) |
| 11:33 | Age | Feudal Age |
| 11:39 | Build | Market |
| 11:44 | Build | Blacksmith |
| 11:47 | Create | Villager (Male) |
| 12:06 | Research | Loom |
| 12:18 | Build | Mining Camp |
| 12:50 | Build | House |
| 12:52 | Build | House |
| 12:54 | Research | Castle Age |
| 13:13 | Build | Lumber Camp |
| 13:51 | Research | Stone Mining |
| 15:31 | Create | Villager (Male) |
| 15:33 | Age | Castle Age |
| 15:58 | Build | Barracks |
| 16:06 | Create | Villager (Male) |
| 16:06 | Create | Villager (Male) |
| 16:32 | Create | Villager (Male) |
| 16:45 | Build | Town Center |
| 16:52 | Create | Villager (Male) |
| 17:09 | Build | Farm |
| 17:12 | Build | Farm |
| 17:15 | Build | Farm |
| 17:47 | Create | Spearman |
| 19:10 | Create | Villager (Male) |
| 19:11 | Create | Villager (Male) |
| 19:19 | Build | Farm |
| 19:19 | Build | Farm |
| 19:24 | Build | Farm |
| 19:25 | Build | Farm |
| 19:25 | Build | Farm |
| 19:25 | Build | Farm |
| 19:37 | Build | Castle |
| 19:59 | Build | Mining Camp |
| 20:12 | Create | Villager (Male) |
| 20:20 | Build | Farm |
| 20:21 | Create | Villager (Male) |
| 20:22 | Create | Villager (Male) |
| 20:30 | Create | Conquistador |
| 20:31 | Create | Conquistador |
| 20:31 | Create | Conquistador |
| 20:49 | Create | Conquistador |
| 20:57 | Create | Villager (Male) |
| 20:57 | Create | Villager (Male) |
| 21:02 | Create | Villager (Male) |
| 21:17 | Build | Monastery |
| 21:24 | Create | Conquistador |
| 21:40 | Create | Conquistador |
| 21:48 | Create | Missionary |
| 22:01 | Build | Farm |
| 22:07 | Build | Farm |
| 22:12 | Build | Farm |
| 22:16 | Build | Farm |
| 22:21 | Create | Conquistador |
| 22:39 | Create | Missionary |
| 22:59 | Create | Conquistador |
| 23:00 | Create | Villager (Male) |
| 23:01 | Create | Villager (Male) |
| 23:14 | Build | Farm |
| 23:17 | Build | Farm |
| 23:21 | Build | Farm |
| 23:23 | Create | Villager (Male) |
| 23:23 | Create | Villager (Male) |
| 23:32 | Create | Conquistador |
| 23:32 | Create | Conquistador |
| 23:57 | Create | Conquistador |
| 23:57 | Create | Conquistador |
| 24:11 | Build | Stable |
| 24:17 | Create | Conquistador |
| 24:23 | Research | Padded Archer Armor |
| 24:37 | Research | Bloodlines |
| 25:29 | Create | Conquistador |
| 25:29 | Create | Conquistador |
| 25:43 | Create | Missionary |
| 25:48 | Research | Padded Archer Armor |
| 25:53 | Create | Villager (Male) |
| 25:54 | Create | Villager (Male) |
| 26:05 | Create | Conquistador |
| 27:35 | Create | Villager (Male) |
| 27:36 | Create | Villager (Male) |
| 27:36 | Create | Villager (Male) |
| 27:36 | Create | Villager (Male) |
| 27:38 | Create | Conquistador |
| 27:39 | Create | Conquistador |
| 28:35 | Create | Missionary |
| 29:28 | Create | Villager (Male) |
| 29:28 | Create | Villager (Male) |
| 29:32 | Create | Conquistador |
| 29:32 | Create | Conquistador |
| 30:21 | Create | Villager (Male) |
| 30:22 | Create | Villager (Male) |
| 30:22 | Create | Villager (Male) |
| 30:23 | Create | Villager (Male) |
| 30:27 | Build | Farm |
| 30:27 | Build | Farm |
| 30:27 | Build | Farm |
| 30:28 | Build | Farm |
| 30:28 | Build | Farm |
| 30:32 | Create | Conquistador |
| 30:33 | Create | Conquistador |
| 31:15 | Create | Villager (Male) |
| 31:16 | Create | Villager (Male) |
| 31:16 | Create | Villager (Male) |
| 31:16 | Create | Villager (Male) |
| 31:21 | Build | Farm |
| 31:21 | Build | Farm |
| 31:24 | Create | Villager (Male) |
| 31:24 | Create | Villager (Male) |
| 31:46 | Build | Town Center |
| 31:47 | Create | Villager (Male) |
| 31:47 | Create | Villager (Male) |
| 31:48 | Create | Villager (Male) |
| 31:50 | Create | Conquistador |
| 31:50 | Create | Conquistador |
| 31:51 | Create | Conquistador |
| 32:49 | Create | Villager (Male) |
Build order — Eljardinero
First 150 of 284 actions detected
| 0:08 | Build | House |
| 0:11 | Build | House |
| 0:12 | Create | Villager (Male) |
| 0:12 | Create | Villager (Male) |
| 0:12 | Create | Villager (Male) |
| 0:15 | Create | Villager (Male) |
| 0:15 | Create | Villager (Male) |
| 1:59 | Create | Villager (Male) |
| 2:13 | Create | Villager (Male) |
| 2:41 | Create | Villager (Male) |
| 3:00 | Create | Villager (Male) |
| 3:28 | Create | Villager (Male) |
| 3:33 | Build | Lumber Camp |
| 3:46 | Create | Villager (Male) |
| 3:55 | Build | House |
| 4:21 | Create | Villager (Male) |
| 4:21 | Create | Villager (Male) |
| 4:38 | Create | Villager (Male) |
| 4:44 | Build | Mill |
| 5:21 | Create | Villager (Male) |
| 5:21 | Create | Villager (Male) |
| 5:32 | Build | House |
| 5:39 | Create | Villager (Male) |
| 5:54 | Create | Villager (Male) |
| 6:35 | Create | Villager (Male) |
| 6:35 | Create | Villager (Male) |
| 6:56 | Research | Loom |
| 7:57 | Create | Villager (Male) |
| 7:57 | Create | Villager (Male) |
| 7:58 | Create | Villager (Male) |
| 7:58 | Create | Villager (Male) |
| 7:59 | Create | Villager (Male) |
| 8:09 | Build | Mill |
| 8:33 | Create | Villager (Male) |
| 8:34 | Create | Villager (Male) |
| 8:34 | Create | Villager (Male) |
| 9:14 | Build | House |
| 10:16 | Research | Feudal Age |
| 10:26 | Build | Mining Camp |
| 11:08 | Build | Mining Camp |
| 11:15 | Create | Villager (Male) |
| 11:16 | Create | Villager (Male) |
| 11:16 | Create | Villager (Male) |
| 11:19 | Build | House |
| 11:59 | Create | Villager (Male) |
| 12:00 | Create | Villager (Male) |
| 12:00 | Create | Villager (Male) |
| 12:01 | Create | Villager (Male) |
| 12:47 | Age | Feudal Age |
| 12:53 | Research | Wheelbarrow |
| 13:02 | Build | Market |
| 13:08 | Build | Blacksmith |
| 13:37 | Build | Farm |
| 13:43 | Build | Farm |
| 13:48 | Build | Farm |
| 13:52 | Build | Farm |
| 14:27 | Build | Lumber Camp |
| 14:35 | Build | Farm |
| 14:54 | Build | Blacksmith |
| 15:05 | Build | Farm |
| 15:08 | Build | Farm |
| 15:14 | Build | Farm |
| 15:20 | Build | Farm |
| 15:24 | Build | Farm |
| 15:29 | Build | Farm |
| 15:32 | Build | Farm |
| 15:35 | Build | Farm |
| 15:46 | Research | Castle Age |
| 16:29 | Build | Barracks |
| 16:46 | Create | Trade Cart |
| 17:06 | Create | Villager (Male) |
| 17:06 | Create | Villager (Male) |
| 17:07 | Create | Villager (Male) |
| 17:07 | Create | Villager (Male) |
| 17:07 | Create | Villager (Male) |
| 17:31 | Research | Horse Collar |
| 17:36 | Research | Double-Bit Axe |
| 18:13 | Build | House |
| 18:26 | Age | Castle Age |
| 18:34 | Build | Siege Workshop |
| 18:48 | Research | Hand Cart |
| 19:06 | Research | Bow Saw |
| 19:30 | Build | House |
| 19:48 | Create | Trade Cart |
| 20:09 | Build | Mining Camp |
| 20:26 | Build | Lumber Camp |
| 20:34 | Research | Heavy Plow |
| 21:14 | Build | Farm |
| 21:19 | Create | Villager (Male) |
| 21:20 | Create | Villager (Male) |
| 21:20 | Create | Villager (Male) |
| 21:29 | Create | Trade Cart |
| 22:01 | Create | Villager (Male) |
| 22:01 | Create | Villager (Male) |
| 22:02 | Create | Villager (Male) |
| 22:22 | Build | Town Center |
| 22:29 | Create | Villager (Male) |
| 22:39 | Create | Trade Cart |
| 22:42 | Research | Caravan |
| 22:50 | Build | House |
| 23:18 | Create | Scorpion |
| 23:22 | Create | Spearman |
| 23:22 | Create | Spearman |
| 23:37 | Build | Siege Workshop |
| 23:44 | Create | Villager (Male) |
| 23:44 | Create | Villager (Male) |
| 23:59 | Build | House |
| 24:09 | Create | Villager (Male) |
| 24:09 | Create | Villager (Male) |
| 24:13 | Create | Villager (Male) |
| 24:13 | Create | Villager (Male) |
| 24:20 | Create | Trade Cart |
| 24:27 | Create | Villager (Male) |
| 24:41 | Build | Town Center |
| 24:59 | Build | Farm |
| 25:03 | Build | Farm |
| 25:06 | Build | Farm |
| 25:07 | Create | Villager (Male) |
| 25:07 | Create | Villager (Male) |
| 25:08 | Create | Villager (Male) |
| 25:11 | Create | Villager (Male) |
| 25:12 | Create | Villager (Male) |
| 25:12 | Create | Villager (Male) |
| 25:16 | Build | Farm |
| 25:20 | Build | Farm |
| 25:34 | Create | Scorpion |
| 25:34 | Create | Scorpion |
| 25:34 | Create | Scorpion |
| 25:34 | Create | Scorpion |
| 25:47 | Create | Villager (Male) |
| 25:47 | Create | Villager (Male) |
| 26:08 | Build | Farm |
| 26:12 | Build | Farm |
| 26:15 | Build | Farm |
| 26:19 | Build | Farm |
| 26:26 | Build | House |
| 26:55 | Create | Mangonel |
| 27:08 | Build | Farm |
| 27:19 | Create | Villager (Male) |
| 27:19 | Create | Villager (Male) |
| 27:32 | Research | Stone Mining |
| 27:32 | Research | Gold Mining |
| 27:48 | Build | Siege Workshop |
| 27:52 | Build | Siege Workshop |
| 28:01 | Build | Farm |
| 28:10 | Build | House |
| 28:15 | Build | House |
| 28:18 | Build | House |
| 28:24 | Build | House |
| 28:41 | Create | Villager (Male) |
Build order — frederic11
First 150 of 279 actions detected
| 0:01 | Create | Villager (Male) |
| 0:02 | Create | Villager (Male) |
| 0:02 | Create | Villager (Male) |
| 0:02 | Create | Villager (Male) |
| 0:02 | Create | Villager (Male) |
| 0:05 | Build | House |
| 0:06 | Build | House |
| 2:44 | Build | Mill |
| 2:46 | Create | Villager (Male) |
| 2:47 | Create | Villager (Male) |
| 3:02 | Create | Villager (Male) |
| 3:13 | Create | Villager (Male) |
| 3:40 | Create | Villager (Male) |
| 4:03 | Create | Villager (Male) |
| 4:39 | Create | Villager (Male) |
| 4:55 | Build | Lumber Camp |
| 5:16 | Build | House |
| 5:42 | Create | Villager (Male) |
| 6:16 | Create | Villager (Male) |
| 7:10 | Create | Villager (Male) |
| 7:22 | Research | Loom |
| 7:39 | Create | Villager (Male) |
| 7:54 | Build | House |
| 8:04 | Create | Villager (Male) |
| 8:48 | Create | Villager (Male) |
| 9:08 | Create | Villager (Male) |
| 9:17 | Build | Mining Camp |
| 9:38 | Create | Villager (Male) |
| 9:46 | Build | House |
| 9:49 | Research | Feudal Age |
| 10:26 | Build | Mining Camp |
| 10:45 | Create | Villager (Male) |
| 11:07 | Create | Villager (Male) |
| 11:08 | Create | Villager (Male) |
| 11:16 | Build | House |
| 11:18 | Build | House |
| 11:30 | Build | Farm |
| 11:31 | Build | Farm |
| 11:41 | Create | Villager (Male) |
| 12:15 | Age | Feudal Age |
| 12:18 | Build | Market |
| 13:16 | Build | Stone Wall |
| 13:24 | Build | Gate |
| 13:26 | Build | Gate |
| 13:40 | Create | Villager (Male) |
| 13:41 | Create | Villager (Male) |
| 13:56 | Build | Blacksmith |
| 14:08 | Create | Villager (Male) |
| 14:55 | Create | Villager (Male) |
| 14:55 | Create | Villager (Male) |
| 15:08 | Build | Mining Camp |
| 15:34 | Create | Villager (Male) |
| 16:12 | Create | Villager (Male) |
| 16:41 | Build | Farm |
| 16:43 | Build | Farm |
| 16:44 | Build | Farm |
| 16:46 | Build | Farm |
| 16:48 | Build | Farm |
| 17:03 | Research | Castle Age |
| 17:16 | Build | Stone Wall |
| 17:23 | Build | Mining Camp |
| 17:43 | Build | Farm |
| 17:44 | Build | Farm |
| 17:47 | Build | Farm |
| 18:15 | Create | Villager (Male) |
| 18:25 | Build | House |
| 18:26 | Build | House |
| 18:27 | Build | House |
| 18:41 | Create | Villager (Male) |
| 18:42 | Create | Villager (Male) |
| 18:50 | Build | Farm |
| 19:43 | Age | Castle Age |
| 19:50 | Build | Town Center |
| 20:04 | Build | Town Center |
| 20:09 | Create | Villager (Male) |
| 20:51 | Create | Villager (Male) |
| 20:53 | Create | Villager (Male) |
| 21:34 | Build | Siege Workshop |
| 21:39 | Create | Villager (Male) |
| 21:57 | Create | Villager (Male) |
| 22:10 | Create | Villager (Male) |
| 22:10 | Create | Villager (Male) |
| 22:17 | Create | Villager (Male) |
| 22:18 | Create | Villager (Male) |
| 22:18 | Create | Villager (Male) |
| 22:22 | Create | Villager (Male) |
| 22:22 | Create | Villager (Male) |
| 22:31 | Create | Villager (Male) |
| 22:31 | Create | Villager (Male) |
| 22:35 | Create | Armored Elephant |
| 22:36 | Create | Armored Elephant |
| 22:43 | Build | Siege Workshop |
| 23:06 | Create | Villager (Male) |
| 23:07 | Create | Villager (Male) |
| 23:09 | Create | Villager (Male) |
| 23:09 | Create | Villager (Male) |
| 23:11 | Create | Villager (Male) |
| 23:11 | Create | Villager (Male) |
| 23:20 | Build | Farm |
| 23:21 | Build | Farm |
| 23:22 | Build | Farm |
| 23:42 | Create | Armored Elephant |
| 24:18 | Build | Town Center |
| 24:25 | Create | Armored Elephant |
| 24:33 | Create | Villager (Male) |
| 24:33 | Create | Villager (Male) |
| 24:33 | Create | Villager (Male) |
| 24:40 | Build | Farm |
| 24:41 | Build | Farm |
| 24:43 | Build | Farm |
| 24:58 | Create | Armored Elephant |
| 25:32 | Create | Armored Elephant |
| 25:37 | Create | Scorpion |
| 25:40 | Create | Scorpion |
| 25:49 | Create | Villager (Male) |
| 25:49 | Create | Villager (Male) |
| 26:02 | Build | Farm |
| 26:03 | Build | Farm |
| 26:30 | Build | House |
| 26:31 | Build | House |
| 26:31 | Build | House |
| 26:32 | Build | House |
| 26:33 | Build | House |
| 27:18 | Create | Villager (Male) |
| 27:18 | Create | Villager (Male) |
| 27:21 | Create | Villager (Male) |
| 27:21 | Create | Villager (Male) |
| 27:22 | Create | Villager (Male) |
| 27:28 | Build | House |
| 27:28 | Build | House |
| 27:29 | Build | House |
| 28:01 | Create | Armored Elephant |
| 28:02 | Create | Armored Elephant |
| 29:54 | Create | Armored Elephant |
| 29:54 | Create | Armored Elephant |
| 29:59 | Create | Villager (Male) |
| 29:59 | Create | Villager (Male) |
| 30:00 | Create | Villager (Male) |
| 30:00 | Create | Villager (Male) |
| 30:00 | Create | Villager (Male) |
| 30:00 | Create | Villager (Male) |
| 30:56 | Create | Armored Elephant |
| 30:57 | Create | Armored Elephant |
| 31:09 | Build | Siege Workshop |
| 31:22 | Create | Villager (Male) |
| 31:22 | Create | Villager (Male) |
| 31:22 | Create | Villager (Male) |
| 31:23 | Create | Villager (Male) |
| 31:31 | Build | Farm |
| 31:32 | Build | Farm |
Match timeline
| 9:44 | haki · age_up feudal |
| 11:00 | Platypus · age_up feudal |
| 11:33 | l'entourloupe · age_up feudal |
| 11:40 | Lupone81 · age_up feudal |
| 12:07 | Lupone81 · wall_segment Stone Wall x26 |
| 12:15 | frederic11 · age_up feudal |
| 12:35 | Alkuja · age_up feudal |
| 12:47 | Eljardinero · age_up feudal |
| 12:56 | Platypus · first_building Barracks |
| 13:16 | frederic11 · wall_segment Stone Wall x26 |
| 15:20 | Platypus · age_up castle |
| 15:33 | l'entourloupe · age_up castle |
| 15:58 | l'entourloupe · first_building Barracks |
| 16:29 | Eljardinero · first_building Barracks |
| 16:30 | frederic11 · first_market_buy 100 food |
| 16:32 | Pal_Dom · age_up feudal |
| 16:47 | haki · age_up castle |
| 16:58 | frederic11 · first_market_sell 100 wood |
| 17:16 | frederic11 · wall_segment Stone Wall x1 |
| 18:10 | Lupone81 · first_market_sell 100 food |
| 18:14 | Lupone81 · age_up castle |
| 18:26 | Eljardinero · age_up castle |
| 18:34 | Eljardinero · first_building Siege Workshop |
| 18:45 | Alkuja · age_up castle |
| 19:00 | Eljardinero · first_market_buy 100 wood |
| 19:37 | l'entourloupe · first_building Castle |
| 19:43 | frederic11 · age_up castle |
| 20:17 | l'entourloupe · first_market_buy 100 food |
| 20:32 | Alkuja · first_building Castle |
| 20:47 | Eljardinero · first_market_sell 100 food |
| 20:52 | Pal_Dom · age_up castle |
| 21:17 | l'entourloupe · first_building Monastery |
| 21:34 | frederic11 · first_building Siege Workshop |
| 21:54 | haki · first_building Barracks |
| 22:23 | Platypus · wall_segment Palisade Wall x1 |
| 22:26 | Platypus · wall_segment Palisade Wall x1 |
| 22:32 | Platypus · wall_segment Palisade Wall x1 |
| 23:32 | Platypus · first_building Castle |
| 24:11 | l'entourloupe · first_building Stable |
| 25:06 | haki · first_building Siege Workshop |
| 25:44 | Lupone81 · first_building Castle |
| 26:02 | haki · first_building Castle |
| 26:05 | Pal_Dom · first_building Monastery |
| 26:17 | Pal_Dom · first_building Barracks |
| 26:49 | Pal_Dom · first_building Castle |
| 27:15 | Lupone81 · first_building Barracks |
| 28:50 | haki · first_building Archery Range |
| 29:12 | Eljardinero · first_building Castle |
| 29:57 | haki · age_up imperial |
| 30:00 | Platypus · wall_segment Palisade Wall x13 |
| 31:03 | haki · first_building Stable |
| 31:54 | Alkuja · first_building Siege Workshop |
| 32:14 | Alkuja · age_up imperial |
| 33:41 | frederic11 · first_building Castle |
| 34:04 | Eljardinero · age_up imperial |
| 34:47 | Lupone81 · age_up imperial |
| 37:50 | Platypus · first_market_buy 100 food |
| 38:07 | l'entourloupe · age_up imperial |
| 38:23 | frederic11 · age_up imperial |
| 40:01 | Pal_Dom · first_building Stable |
| 41:02 | Platypus · age_up imperial |
| 41:21 | Platypus · first_market_sell 500 wood |
| 41:39 | Pal_Dom · age_up imperial |
| 42:53 | Pal_Dom · first_market_sell 100 food |
| 43:01 | frederic11 · first_building Barracks |
| 44:59 | frederic11 · first_building Stable |
| 45:43 | Platypus · wall_segment Palisade Wall x2 |
| 45:45 | Platypus · wall_segment Palisade Wall x8 |
| 45:53 | haki · first_market_sell 500 stone |
| 47:22 | Lupone81 · first_market_buy 100 stone |
| 48:09 | Eljardinero · resign |
[ AI ANALYSIS · 1 CREDIT ]
What really happened in this match?
Wolo.gg analyzes every decision: build order, eco, micro, common mistakes by bracket. Personalized analysis on WhatsApp or Discord in 30 seconds.
Civ guide
Hindustanis
Perfil
Jugador #273157